 Dungeon Crawl Stone Soup version 0.30-a0-381-g6ea064c7b4 (webtiles) character file.

Game seed: 4321661853466424938

36648 lunkers the Spry (level 14, -19/140 HPs)
             Began as a Meteoran Earth Elementalist on Nov 30, 2022.
             Was a Believer of Ashenzari.
             Demolished by a polar bear (23 damage)
             ... on level 5 of the Lair of Beasts on Dec 1, 2022.
             The game lasted 00:51:07 (6236 turns).

lunkers the Spry (Meteoran Earth Elementalist)      Turns: 6236, Time: 00:51:07

Health: -19/140    AC:  8    Str: 11    XL:     14   Next: 61%
Magic:  0/27       EV: 25    Int: 22    God:    Ashenzari [**....]
Gold:   727        SH:  5    Dex: 14    Spells: 19/29 levels left

rFire   + . .      SeeInvis +    d - staff of conjuration (curse) {Alch, Range}
rCold   + . .      Faith    .    c - +2 buckler {rPois}
rNeg    . . .      Spirit   .    k - +1 steam dragon scales
rPois   +          Reflect  .    x - +2 hat of the Esoteric Adversity {Melee, Cun} (curse)
rElec   .          Harm     .    z - scarf {rC+ rF+}
rCorr   .          Rampage  .    (no gloves)
Will    +....                    (no boots)
Stlth   +.........               (no amulet)
HPRegen 0.43/turn                l - ring of the Pangnostic Regret {SInv, Bglg, Evo} (curse)
MPRegen 0.20/turn                b - ring of Cremastomancy {EV+4, Self, Evo} (curse)

@: slowed, glowing, very slow
A: sense surroundings 2, otherworldly, glowing, explore regen
a: Renounce Religion, Curse Item, Shatter the Chains


You were on level 5 of the Lair of Beasts.
You worshipped Ashenzari.
Ashenzari was pleased with you.
You visited 3 branches of the dungeon, and saw 19 of its levels.

You collected 727 gold pieces.

Inventory:

Hand Weapons
 a - a +4 long sword of freezing
 h - a +1 sling of electrocution
 q - a +5 vorpal flail
Missiles
 j - 2 throwing nets
Armour
 c - a +2 buckler of poison resistance (worn)
 k - +1 steam dragon scales (worn)
 x - the cursed +2 hat of the Esoteric Adversity (worn) {Melee, Cun}
   (You took it off Gastronok on level 10 of the Dungeon)

   It has a curse which improves the following skills: Melee Combat: Short
   Blades, Long Blades, Axes, Maces & Flails, Polearms, Staves and Unarmed
   Combat.
   Cunning:   Dodging and Stealth.
 z - a scarf of resistance (worn)
Magical Staves
 d - a cursed staff of conjuration (weapon) {Alch, Range}
Jewellery
 b - the cursed ring of Cremastomancy (right hand) {EV+4, Self, Evo}
   (You found it on level 7 of the Dungeon)

   [ring of evasion]

   EV:        It affects your evasion (+4).
   It has a curse which improves the following skills: Introspection: Fighting
   and Spellcasting.
   Evocations: Evocations.
 l - the cursed ring of the Pangnostic Regret (left hand) {SInv, Bglg, Evo}
   (You found it on level 5 of the Dungeon)

   [ring of see invisible]

   SInv:      It lets you see invisible.
   It has a curse which improves the following skills: Beguiling: Conjurations,
   Hexes and Translocations.
   Evocations: Evocations.
 E - a ring of magical power
 F - a ring of magical power
Wands
 o - a wand of flame (24)
 p - a wand of polymorph (10)
 J - a wand of roots (6)
Scrolls
 i - 3 scrolls of enchant weapon
 t - 2 scrolls of magic mapping
 u - a scroll of immolation
 w - 2 scrolls of amnesia
 C - a scroll of blinking
 G - 2 scrolls of teleportation
 H - 2 scrolls of fog
Potions
 e - 3 potions of attraction
 f - a potion of cancellation
 g - 5 potions of curing
 m - 2 potions of mutation
 n - 2 potions of ambrosia
 r - 2 potions of haste
 s - 2 potions of brilliance
 v - 3 potions of invisibility
 A - a potion of resistance
 D - a potion of might
 I - a potion of lignification
 K - a potion of magic
Miscellaneous
 y - a lightning rod (inert)
 B - a tin of tremorstones (inert)


   Skills:
 + Level 15.9(17.1) Fighting
 + Level 17.5(18.6) Dodging
 - Level 1.4(2.2) Stealth
 - Level 7.0(8.3) Spellcasting
 - Level 3.6(4.8) Conjurations
 - Level 1.2(2.0) Transmutations
 - Level 9.5 Earth Magic
 - Level 6.1(8.1) Evocations


You had 19 spell levels left.
You knew the following spells:

 Your Spells              Type           Power      Damage    Failure   Level
a - Sandblast             Erth           100%       2d20      1%          1
b - Passwall              Tmut/Erth      28%        N/A       1%          2
c - Stone Arrow           Conj/Erth      100%       3d13      1%          3
d - Petrify               Tmut/Erth      34%        N/A       9%          4

Your spell library contained the following spells:

 Spells                   Type           Power      Damage    Failure   Level
 Momentum Strike          Conj/Tloc      60%        3d9       5%          2
 Blink                    Tloc           18%        N/A       14%         2
 Cigotuvi's Dreadful Rot  Necr/Pois/Air  18%        N/A       14%         2
 Lesser Beckoning         Tloc           18%        N/A       28%         3
 Manifold Assault         Tloc           9%         N/A       67%         4
 Passage of Golubria      Tloc           9%         N/A       67%         4
 Animate Dead             Necr           9%         N/A       69%         4
 Dispel Undead            Necr           9%         3d8       69%         4
 Silence                  Hex/Air        4%         N/A       95%         5
 Death Channel            Necr           4%         N/A       100%        6
 Dispersal                Tloc           4%         N/A       100%        6
 Haunt                    Necr/Summ      4%         N/A       100%        7
 Disjunction              Tloc           4%         N/A       100%        8
 Infestation              Necr           4%         N/A       100%        8
 Lehudib's Crystal Spear  Conj/Erth      28%        10d8      100%        8


Dungeon Overview and Level Annotations

Branches:
Dungeon (13/15) Zot: 2729 Temple (1/1) D:7 Zot: 356 Lair (5/5) D:11 Zot: 1734 Spider (0/4) Lair:2 Orc (0/2) D:12 Vaults (0/5) D:12 D:13 Swamp: Lair:2-3 Shoals: Lair:2-3 Slime: Lair:4-5

Altars:
Ashenzari
Cheibriados
Elyvilon
Gozag
Hepliaklqana
Kikubaaqudgha
Nemelex Xobeh
Okawaru
Qazlal
Sif Muna
Trog
Uskayaw
Yredelemnul

Annotations:
D:13 Urug


Innate Abilities, Weirdness & Mutations

You passively map the area around you.
You are easily found by Zot.
You glow in the dark.
You regain HP and MP as you explore.


Message History

The polar bear bites you!!
* * * LOW HITPOINT WARNING * * *
The polar bear claws you.
* * * LOW HITPOINT WARNING * * *
The polar bear barely misses you. You block the polar bear's attack.
The polar bear claws you but does no damage.
The polar bear misses you. You block the polar bear's attack.
The polar bear barely misses you. x2
The polar bear bites you but does no damage.
The polar bear misses you.
The polar bear claws you but does no damage.
Unknown command.
Aiming: Thunderbolt
Press: ? - help, Shift-Dir - straight line, f/p - polar bear
Aim: a polar bear (almost dead, berserk)
The thunderbolt hits the polar bear!
The polar bear is almost dead.
The thunderbolt hits the torpor snail!
The torpor snail is lightly wounded.
The lightning rod overheats!
The polar bear bites you!!
* * * LOW HITPOINT WARNING * * *
You block the polar bear's attack. The polar bear completely misses you.
The polar bear closely misses you.
The polar bear claws you but does no damage.
The polar bear misses you.
Unknown command.
Aiming: Sandblast (safe; 1% risk of failure)
Press: ? - help, Q - select action, (/) - cycle Shift-Dir - straight line, f/p - polar bear
Aim: a polar bear (almost dead, berserk, 89% to hit)
The blast of sand misses the polar bear.
The blast of sand hits the torpor snail but does no damage.
The torpor snail is lightly wounded.
* * * LOW MAGIC WARNING * * *
You block the polar bear's attack.
The polar bear claws you but does no damage.
The polar bear completely misses you. The polar bear bites you!
* * * LOW HITPOINT WARNING * * *
The polar bear completely misses you. You block the polar bear's attack.
The polar bear bites you!!
You die...

♣♣♣.♣......))..
♣♣.......)..♣♣♣♣
♣...♣♣.....♣♣
♣♣.♣♣♣♣♣♣♣♣♣♣
♣..♣ ** ♣ ♣♣..♣
,* * ♣ ♣..♣♣ {
,, ♣.. ♣..♣ * ,
* ... ♣@♣♣ * ,♣
..* ♣h♣♣ * .♣♣
♣w†♣ **...g *
♣♣.♣♣ *i....*
♣..♣♣.....♣ * *
♣...†..♣
♣♣♣..♣♣♣ ....♣
♣♣...♣ *


You could see a torpor snail and a polar bear (berserk).

Vanquished Creatures
  Gastronok (D:10)
  A hydra (Lair:5)
  Erica (D:8)
  A boulder beetle (D:11)
  2 two-headed ogres
  A centaur warrior (D:11)
  A sea snake (Lair:3)
  An orc knight (D:11)
  A manticore (D:11)
  2 cyclopes (D:11)
  A black mamba (Lair:3)
  6 elephants
  Joseph (D:7)
  Maggie (D:7)
  A gargoyle (D:11)
  A kobold demonologist (D:11)
  An unseen horror (D:10)
  3 cane toads
  A rime drake (Lair:4)
  3 komodo dragons
  A rime drake (shapeshifter) (D:11)
  5 polar bears
  4 hornets (Lair:5)
  A meliai (D:12)
  2 trolls (D:11)
  9 blink frogs
  4 dream sheep (Lair:1)
  A slime creature (D:12)
  A vampire (D:8)
  3 wraiths
  9 spriggans (Lair:5)
  2 wyverns
  8 humans (D:12)
  2 basilisks
  38 yaks
  Grum (D:11)
  2 steam dragons
  6 vampire mosquitoes (D:12)
  A redback (shapeshifter) (D:11)
  Edmund (D:5)
  2 acid dragons
  6 water moccasins
  An ice beast (Temple)
  6 ogres (D:12)
  7 orc warriors
  3 sky beasts
  4 black bears
  23 wolves
  5 boggarts (Lair:5)
  2 centaurs
  A kobold brigand (D:8)
  A necrophage (D:5)
  4 bullfrogs
  A gnoll sergeant (D:9)
  5 scorpions
  9 wights
  12 killer bees
  3 howler monkeys
  2 electric eels (D:11)
  A jelly (D:5)
  3 orc priests
  4 hounds
  2 gnoll boudas
  4 iguanas
  10 orc wizards
  17 gnolls
  6 adders
  A white imp (D:7)
  2 ufetubi
  2 worms
  A dart slug (D:1)
  27 orcs
  A ball python (D:3)
  3 endoplasms
  A goblin (D:1)
  5 hobgoblins
  4 jackals (D:1)
  9 kobolds
  4 quokkas
  A bat (D:1)
  4 frilled lizards
  4 rats
  A spectral orc (D:10)
346 creatures vanquished.

Vanquished Creatures (others)
  A shadow (D:11)
  7 fungi
  9 plants
17 creatures vanquished.

Grand Total: 363 creatures vanquished

Notes
Turn   | Place    | Note
-------+----------+-------------------------------------------
     0 | D:1      | lunkers the Meteoran Earth Elementalist began the quest for
                  | the Orb.
     0 | D:1      | Reached XP level 1. HP: 14/14 MP: 5/5
    73 | D:1      | Reached XP level 2. HP: 18/20 MP: 2/6
   199 | D:1      | Reached XP level 3. HP: 26/26 MP: 1/8
   621 | D:3      | Found a bloodstained altar of Trog.
   750 | D:3      | Reached skill level 5 in Earth Magic
   750 | D:3      | Reached XP level 4. HP: 33/33 MP: 7/10
   950 | D:4      | Reached XP level 5. HP: 27/38 MP: 6/11
  1040 | D:4      | Reached XP level 6. HP: 45/45 MP: 11/13
  1154 | D:5      | Entered Level 5 of the Dungeon
  1166 | D:5      | Learned a level 2 spell: Passwall
  1170 | D:5      | Learned a level 3 spell: Stone Arrow
  1184 | D:5      | Learned a level 4 spell: Petrify
  1359 | D:5      | Reached skill level 5 in Spellcasting
  1359 | D:5      | Reached XP level 7. HP: 46/50 MP: 10/15
  1435 | D:5      | Reached XP level 8. HP: 44/57 MP: 10/18
  1610 | D:5      | Noticed Edmund
  1615 | D:5      | Killed Edmund
  1751 | D:6      | Reached skill level 1 in Conjurations
  1915 | D:7      | Gained mutation: You passively map the area around you.
                  | [Meteoran growth]
  1915 | D:7      | Reached XP level 9. HP: 50/62 MP: 16/20
  1937 | D:7      | Found a staircase to the Ecumenical Temple.
  1954 | D:7      | Reached skill level 1 in Fighting
  1954 | D:7      | Reached skill level 3 in Dodging
  1958 | Temple   | Entered the Ecumenical Temple
  2052 | Temple   | Identified a scroll of acquirement
  2052 | Temple   | Acquired a +1 buckler of poison resistance
  2090 | Temple   | Became a worshipper of Ashenzari the Shackled
  2249 | D:7      | Noticed Maggie
  2250 | D:7      | Reached skill level 4 in Dodging
  2258 | D:7      | Killed Maggie
  2259 | D:7      | Reached skill level 5 in Dodging
  2299 | D:7      | Reached skill level 6 in Dodging
  2301 | D:7      | Reached skill level 5 in Fighting
  2336 | D:7      | Noticed Joseph
  2347 | D:7      | Reached XP level 10. HP: 7/82 MP: 3/21
  2352 | D:7      | Killed Joseph
  2353 | D:7      | Reached skill level 7 in Dodging
  2544 | D:8      | Reached skill level 8 in Dodging
  2605 | D:8      | Found a hazy altar of Hepliaklqana.
  2652 | D:8      | Reached skill level 9 in Dodging
  2707 | D:8      | Noticed Erica
  2723 | D:8      | Killed Erica
  2798 | D:8      | Found an iron altar of Okawaru.
  2890 | D:9      | Reached skill level 10 in Dodging
  2890 | D:9      | Reached XP level 11. HP: 77/95 MP: 15/22
  3069 | D:8      | Reached skill level 11 in Dodging
  3159 | D:10     | Entered Level 10 of the Dungeon
  3248 | D:10     | Reached skill level 10 in Fighting
  3548 | D:10     | Noticed a two-headed ogre
  3552 | D:10     | Killed a two-headed ogre
  3611 | D:10     | Noticed Gastronok
  3631 | D:10     | Killed Gastronok
  3632 | D:10     | Reached skill level 12 in Dodging
  3687 | D:10     | Found a basalt altar of Yredelemnul.
  3812 | D:10     | Reached * piety under Ashenzari
  3844 | D:10     | Reached XP level 12. HP: 101/110 MP: 2/23
  3932 | D:11     | Noticed Grum
  3945 | D:11     | Killed Grum
  3959 | D:11     | Noticed a skeletal warrior
  3959 | D:11     | Noticed a skeletal warrior
  3960 | D:11     | Noticed a skeletal warrior
  4070 | D:11     | Reached skill level 13 in Dodging
  4094 | D:11     | Noticed a centaur warrior
  4108 | D:11     | Killed a centaur warrior
  4160 | D:11     | Noticed a boulder beetle
  4169 | D:11     | Killed a boulder beetle
  4200 | D:11     | Found a staircase to the Lair.
  4235 | D:10     | Reached skill level 14 in Dodging
  4340 | D:11     | Noticed an orc knight
  4347 | D:11     | HP: 5/113 [orc knight/+3 halberd of flaming (5)]
  4349 | D:11     | Killed an orc knight
  4529 | D:12     | Reached ** piety under Ashenzari
  4582 | D:12     | Noticed Lodul
  4583 | D:12     | Lodul changed into Lodul the basilisk
  4583 | D:12     | Noticed Lodul
  4610 | D:12     | Killed Lodul the basilisk
  4682 | D:13     | Noticed Urug
  4682 | D:13     | Noticed a two-headed ogre
  4682 | D:13     | Noticed a centaur warrior
  4682 | D:13     | Noticed a seven-headed hydra
  4682 | D:13     | Found a gate to the Vaults.
  4710 | D:12     | Reached XP level 13. HP: 57/122 MP: 3/24
  4715 | D:12     | Upgraded the game from 0.30-a0-377-g5cb311bc9f to
                  | 0.30-a0-381-g6ea064c7b4
  4762 | D:12     | Noticed a two-headed ogre
  4766 | D:12     | a two-headed ogre changed into a meliai
  4831 | D:12     | Reached skill level 15 in Dodging
  4939 | D:12     | Found a staircase to the Orcish Mines.
  5050 | D:11     | Noticed a two-headed ogre
  5053 | D:11     | Killed a two-headed ogre
  5114 | Lair:1   | Entered Level 1 of the Lair of Beasts
  5378 | Lair:2   | Reached skill level 16 in Dodging
  5475 | Lair:3   | Found a stormy altar of Qazlal.
  5576 | Lair:3   | HP: 5/128 [elephant (8)]
  5594 | Lair:2   | Reached skill level 15 in Fighting
  5723 | Lair:3   | Noticed Nessos
  5724 | Lair:3   | Nessos changed into Nessos the sea snake
  5724 | Lair:3   | Noticed Nessos
  5737 | Lair:3   | Killed Nessos the sea snake
  5738 | Lair:3   | Reached XP level 14. HP: 13/138 MP: 4/27
  5819 | Lair:5   | Entered Level 5 of the Lair of Beasts
  5882 | Lair:5   | Reached skill level 17 in Dodging
  6153 | Lair:5   | Reached skill level 5 in Evocations
  6236 | Lair:5   | HP: 4/140 [polar bear (14)]
  6236 | Lair:5   | Demolished by a polar bear

Illustrated notes

Levels and vault maps discovered:
D:1:      saegor_arrival_simple_c, layout_basic, chequers_mini_garden
D:2:      layout_basic, basic_altar, hellmonk_ecumenical_altar_arch_garden,
          minmay_misc_feat_nine_boxes
D:3:      layout_loops_cross, mainiacjoe_overflow_six_doors_small
D:4:      layout_loops_cross, lemuel_tele_altar, xom_butterflies, uniq_pikel
D:5:      layout_basic, grunt_ministairs_15, dilly_guarded_unrand_morg,
          uniq_edmund
D:6:      layout_basic
D:7:      layout_basic, nicolae_overflow_hidden_temple,
          lemuel_coloured_pillars_altar, minmay_temple_entry_tees, serial_shops,
          nicolae_shop_stone, uniq_maggie, uniq_joseph
D:8:      layout_loops_ring, okawaru_trees_1, mainiacjoe_overflow_24_doors,
          uniq_erica
D:9:      layout_cave_pools, serial_shops, nicolae_shop_crystal
D:10:     layout_long_grid, yredelemnul_forgotten_temple_becter, minitemple,
          general_overflow_altar, uniq_gastronok
D:11:     minmay_the_grid_octo_triangle [minmay_the_grid_octo_clover_2,
          minmay_the_grid_octo_prize_big_c, minmay_the_grid_octo_thin_diamonds],
          layout_loops_cross, erik_lair_island, uniq_grum
D:12:     layout_gridville, david_orc_4, uniq_lodul
D:13:     layout_loops_cross, david_vaults_3, kennysheep_generic_room_5
Temple:   nicolae_temple_superstar
Lair:1:   layout_regular_city, lemuel_fruit_fields, lemuel_fruit_fields
Lair:2:   layout_gridlike, nicolae_spider_entry_non_spiders, special_room
          [special_room_bee], st_stairs_4, uniq_nergalle
Lair:3:   layout_regular_city, minmay_swamp_entry_swarm, basic_altar,
          st_stairs_8, guppyfry_lair_drakes, uniq_nessos
Lair:4:   layout_cave_pods, grunt_megastairs_3, lemuel_fruit_fields
Lair:5:   minmay_lair_end_enchanted_forest, layout_misc_corridors,
          slime_entry_1, disabler_island, lemuel_fruit_tree, uniq_sonja

Skill      XL: |  1  2  3  4  5  6  7  8  9 10 11 12 13 14 |
---------------+-------------------------------------------+-----
Spellcasting   | 3 4 5 6 7 |  7.0
Earth Magic    | 4 5 6 7 8 9 |  9.5
Conjurations   | 3 |  3.6
Fighting       | 5 8 11 13 15 | 15.9
Dodging        | 6 10 12 14 16 17 | 17.5
Evocations     | 6 |  6.1
Stealth        | |  1.4
Transmutations | |  1.2

Action                   |  1- 3 |  4- 6 |  7- 9 | 10-12 | 13-15 || total
-------------------------+-------+-------+-------+-------+-------++-------
Melee: Staff             |       |       |     3 |    44 |    39 ||    86
 Cast: Sandblast         |    34 |    53 |    63 |   140 |   256 ||   546
       Stone Arrow       |       |       |    27 |   135 |    73 ||   235
       Passwall          |       |       |       |     1 |     2 ||     3
Invok: Curse Item        |       |       |       |     3 |     1 ||     4
Evoke: Wand              |       |       |       |    10 |    24 ||    34
       Lightning rod     |       |       |       |     4 |     6 ||    10
       Tin of tremorston |       |       |       |     1 |     3 ||     4
  Use: Scroll            |       |       |    12 |     5 |       ||    17
       Potion            |       |       |       |     2 |       ||     2
Armor: Robe              |     5 |     2 |    11 |       |       ||    18
       Steam dragon scal |       |       |     1 |    43 |   107 ||   151
Dodge: Dodged            |     7 |    24 |    49 |   246 |   520 ||   846
Block: Buckler           |       |       |     7 |    74 |   150 ||   231

Table legend: (Time is in decaauts)
 A = Elapsed time spent in this place.
 B = Non-inter-level travel time spent in this place.
 C = Inter-level travel time spent in this place.
 D = Time resting spent in this place.
 E = Time spent auto-exploring this place.
 F = Levels seen in this place.
 G = Mean time per level.
                   A        B        C        D        E       F      G
               +--------+--------+--------+--------+--------+-----+--------+
         Total |   6577 |   5951 |    626 |     85 |   2192 |  19 |  346.2 |
       Dungeon |   5070 |   4472 |    598 |      0 |   2071 |  13 |  390.0 |
        Temple |    243 |    225 |     18 |     85 |     80 |   1 |  243.0 |
          Lair |   1263 |   1253 |     10 |      0 |     41 |   5 |  252.6 |
               +--------+--------+--------+--------+--------+-----+--------+

Top non-repeatable levels by time:
    D:10: 857 daAuts
    D:12: 683 daAuts
     D:8: 642 daAuts
     D:5: 552 daAuts
    D:11: 490 daAuts
  Lair:5: 455 daAuts
     D:3: 445 daAuts
  Lair:3: 337 daAuts
     D:2: 285 daAuts
     D:7: 277 daAuts
     D:1: 264 daAuts
  Temple: 243 daAuts
     D:6: 221 daAuts
  Lair:1: 211 daAuts
     D:4: 193 daAuts
